Map: Traitor's Exile

Players

Nightmare - Winner!

  • Race: Protoss Protoss
  • Spawn Location: 12:00

XxDepravity - Winner!

  • Race: Zerg Zerg
  • Spawn Location: 9:00

colester

  • Race: Zerg Zerg
  • League: Platinum
  • Spawn Location: 6:00

vampiro

  • Race: Terran Terran
  • League: Gold
  • Spawn Location: 5:00

VOD

Have the link to the VOD?

Description

Early Pressure from Terran. Called GG before my stalkers showed up.

Time

  • Played on: Oct. 17, 2018, 6:18 p.m.
  • Length: 18:45
Show
View Real Time Build Order
Export as new Build Order

Nightmare Protoss - Winner!

Build Orders:  

Get SALT Encoding   

  12  0:00  Probe  
  13  0:08  Probe  
  14  0:19  Pylon  
  14  0:22  Probe  
  15  0:38  Gateway, Probe  
  16  0:50  Probe  
  17  0:59  Assimilator  
  17  1:01  Probe  
  17  1:03  Forge  
  18  1:09  Probe  
  18  1:16  Pylon  
  18  1:17  Probe  
  20  1:28  Gateway  
  20  1:42  Photon Cannon  
  20  2:06  Nexus  
  20  2:24  Assimilator  
  20  2:27  Cybernetics Core  
  20  2:31  Probe  
  20  2:33  Photon Cannon  
  21  2:39  Probe  
  22  2:49  Probe  
  23  2:54  Protoss Ground Weapons Level 1  
  23  3:03  Twilight Council  
  23  3:06  Pylon  
  19  3:13  Zealot  
  18  3:55  Photon Cannon  
  16  4:03  Warp Gate  
  16  4:16  Photon Cannon  
  16  4:18  Probe  
  17  4:26  Probe  
  18  4:43  Photon Cannon  
  18  4:44  Probe  
  18  4:52  Probe  
  20  5:03  Probe  
  21  5:11  Probe  
  21  5:15  Probe  
  21  5:20  Probe  
  21  5:21  Blink  
  23  5:28  Probe  
  25  5:29  Probe  
  26  5:40  Probe  
  27  5:48  Gateway  
  27  5:52  Probe  
  28  6:01  Gateway  
  28  6:03  Pylon  
  28  6:08  Photon Cannon, Pylon  
  28  6:13  Stalker x2  
  28  6:15  Probe  
  32  6:18  Probe  
  32  6:23  Probe  
  34  6:30  Probe  
  36  6:33  Probe  
  37  6:41  Probe, Pylon  
  37  6:43  Assimilator, Probe  
  39  6:49  Probe  
  40  6:55  Probe  
  40  7:01  Photon Cannon  
  41  7:04  Shield Battery  
  41  7:08  Photon Cannon  
  41  7:11  Stalker  
  41  7:13  Stalker  
  45  7:17  Probe  
  45  7:19  Probe  
  47  7:25  Probe  
  48  7:31  Probe  
  48  7:33  Probe  
  49  7:37  Gateway  
  49  7:39  Pylon  
  49  7:41  Charge  
  49  7:42  Pylon  
  49  7:43  Probe  
  51  7:44  Protoss Shields Level 1  
  51  8:03  Gateway  
  51  8:17  Stalker x2  
  55  8:26  Nexus  
  55  8:28  Pylon x2  
  55  8:37  Zealot  
  55  8:38  Zealot x2  
  55  8:41  Zealot x2  
  65  8:44  Assimilator  
  61  9:07  Stalker  
  61  9:08  Stalker x4  
  63  9:18  Protoss Ground Armor Level 1  
  63  9:19  Gateway  
  63  9:21  Gateway  
  59  9:42  Stalker x2  
  59  9:43  Zealot, Stalker x2  
  65  10:11  Zealot x4  
  65  10:12  Zealot, Probe  
  75  10:16  Probe x2  
  75  10:20  Probe  
  75  10:21  Pylon  
  78  10:22  Pylon  
  79  10:28  Probe x2  
  79  10:29  Probe  
  82  10:36  Probe  
  82  10:37  Probe  
  82  10:40  Probe  
  82  10:42  Zealot x3  
  91  10:44  Probe  
  92  10:52  Probe  
  93  10:58  Forge  
  93  10:59  Assimilator  
  93  11:02  Assimilator  
  93  11:11  Stalker x4  
  95  11:12  Protoss Ground Weapons Level 2  
  95  11:15  Pylon  
  95  11:18  Pylon  
  101  11:21  Protoss Ground Armor Level 2  
  101  11:34  Stalker  
  101  11:35  Stalker x2  
  101  11:36  Stalker  
  101  11:38  Zealot  
  111  11:47  Stalker  
  111  11:48  Stalker  
  88  12:11  Probe  
  88  12:12  Stalker x3  
  88  12:13  Stalker x4  
  101  12:19  Probe  
  102  12:43  Stalker  
  104  12:44  Stalker  
  104  12:45  Zealot  
  104  12:46  Zealot x4  
  88  13:15  Zealot, Stalker x5  
  88  13:16  Zealot  
  94  13:23  Probe  
  92  13:32  Probe  
  93  13:41  Probe  
  94  13:46  Nexus  
  95  13:49  Probe  
  96  13:57  Probe  
  97  14:04  Nexus  
  97  14:07  Probe  
  98  14:20  Probe  
  93  14:43  Stalker x3  
  93  14:44  Stalker x4  
  87  15:19  Stalker  
  87  15:20  Stalker x6  
  93  16:05  Stalker  
  93  16:06  Stalker x5  
  93  16:07  Stalker  
  105  16:41  Stalker x6  
  105  16:42  Stalker  
  107  17:17  Stalker x2  
  107  17:18  Stalker x2  
  107  17:19  Stalker x3  
  117  17:40  Stalker  
  117  17:41  Stalker x3  
  117  17:42  Stalker x3  
  131  18:10  Stalker x3  
  131  18:11  Stalker x4  
  145  18:24  Assimilator  
  145  18:28  Assimilator  
Show
View Real Time Build Order
Export as new Build Order

XxDepravity Zerg - Winner!

Build Orders: Pool First 

Get SALT Encoding   

  12  0:08  Drone  
  12  0:12  Drone  
  14  0:20  Overlord  
  14  0:27  Extractor  
  13  0:31  Drone  
  14  0:39  Drone  
  15  0:50  Spawning Pool  
  15  0:55  Drone x2  
  16  1:02  Drone  
  17  1:14  Drone  
  18  1:29  Drone  
  19  1:39  Zergling x2  
  20  1:43  Hatchery  
  19  1:48  Drone  
  20  1:56  Metabolic Boost  
  20  2:00  Queen  
  22  2:08  Overlord  
  22  2:32  Drone x3  
  25  2:50  Hatchery  
  24  2:52  Extractor  
  22  3:07  Lair  
  22  3:10  Queen  
  24  3:25  Zergling x8  
  24  3:26  Zergling x8  
  32  3:29  Zergling x2  
  33  4:20  Drone x4  
  33  4:21  Drone x5  
  41  4:30  Zergling x2  
  41  4:31  Zergling x2  
  40  4:44  Drone  
  40  4:45  Drone  
  42  4:46  Overlord  
  42  4:47  Overlord  
  38  4:54  Zergling x2  
  38  4:55  Zergling x2  
  38  4:58  Queen  
  36  5:18  Zergling x8  
  40  5:34  Spine Crawler  
  37  5:36  Spore Crawler, Spine Crawler  
  34  5:46  Queen x2  
  38  5:54  Queen  
  39  6:01  Drone x3  
  38  6:14  Hatchery  
  35  6:20  Drone x3  
  35  6:53  Lair, Extractor  
  34  6:57  Zergling x6  
  34  6:58  Zergling x4  
  39  7:02  Extractor  
  39  7:04  Roach Warren  
  37  7:08  Infestation Pit  
  36  7:16  Hydralisk Den  
  35  7:25  Evolution Chamber  
  35  7:26  Evolution Chamber  
  33  7:31  Evolution Chamber  
  33  7:32  Queen  
  34  7:42  Drone  
  34  7:43  Drone x8  
  34  7:44  Drone  
  44  7:58  Drone x3  
  47  8:10  Drone x3  
  50  8:19  Hydralisk  
  52  8:37  Hydralisk x3  
  39  8:57  Swarm Host x2, Zergling x2  
  39  8:58  Swarm Host  
  45  9:14  Zergling x2  
  45  9:15  Zergling x10  
  41  9:36  Zergling x2  
  41  9:37  Zergling x10  
  41  9:38  Zergling x4  
  44  9:42  Drone  
  44  9:49  Roach  
  42  10:03  Zergling x2  
  42  10:04  Zergling x8  
  44  10:17  Drone  
  45  10:35  Hatchery  
  44  10:40  Drone x2  
  46  10:53  Roach  
  48  11:00  Drone x2  
  50  11:38  Drone  
  51  11:40  Overlord x4  
  45  12:02  Hydralisk x3  
  46  12:11  Lurker Den  
  45  12:24  Queen  
  45  12:28  Hydralisk x2  
  33  13:04  Pneumatized Carapace  
  33  13:05  Hatchery  
  29  13:09  Spawning Pool  
  24  13:12  Drone  
  24  13:13  Drone  
  24  13:25  Drone x3  
  27  13:31  Drone  
  28  13:34  Drone  
  28  13:40  Drone  
  30  13:44  Drone  
  31  14:09  Hydralisk x2  
  31  14:10  Hydralisk  
  37  14:34  Queen  
  39  14:55  Hydralisk x2  
  39  14:56  Hydralisk x2  
  39  14:58  Lurker  
  39  14:59  Lurker x2  
  50  15:02  Lurker  
  51  15:17  Lair  
  51  15:18  Lair  
  51  15:30  Zerg Ground Armor Level 1  
  51  16:07  Hydralisk x2  
  51  16:08  Hydralisk x4  
  63  16:41  Hydralisk x2  
  63  16:42  Hydralisk x3  
  73  17:56  Hydralisk x5  
  83  18:01  Overlord x2  
  83  18:02  Overlord x3  
Show
View Real Time Build Order
Export as new Build Order

colester Zerg 

Build Orders: Hatch First 

Get SALT Encoding   

  12  0:03  Drone  
  13  0:13  Overlord  
  13  0:19  Drone  
  14  0:31  Drone x2  
  16  0:36  Drone  
  17  0:46  Drone  
  18  1:02  Hatchery  
  18  1:03  Drone  
  18  1:08  Drone  
  19  1:12  Extractor  
  18  1:19  Drone  
  19  1:28  Spawning Pool  
  19  1:31  Drone  
  19  1:46  Drone  
  20  1:51  Overlord  
  20  2:05  Drone  
  21  2:16  Metabolic Boost, Queen  
  21  2:19  Queen  
  21  2:20  Drone  
  26  2:23  Drone  
  26  2:28  Drone  
  28  2:34  Zergling x2  
  28  2:35  Zergling x2  
  30  2:43  Roach Warren  
  28  2:58  Zergling x4  
  30  3:25  Lair  
  30  3:35  Drone  
  30  3:36  Drone x2  
  30  3:39  Overlord  
  30  3:40  Overlord  
  33  4:02  Roach x4  
  41  4:04  Roach x2  
  41  4:05  Roach  
  47  4:21  Roach x2  
  51  4:27  Overlord x2  
  51  4:35  Extractor  
  50  4:41  Drone x2  
  53  4:45  Drone  
  53  4:46  Drone x2  
  55  5:01  Roach x5  
  65  5:09  Evolution Chamber  
  65  5:12  Evolution Chamber  
  65  5:13  Drone x3  
  66  5:15  Overlord x2  
  66  5:17  Drone x2  
  68  5:33  Queen  
  70  5:36  Ravager  
  71  5:44  Drone x3  
  74  5:50  Drone  
  74  5:51  Drone x2  
  74  5:56  Extractor  
  76  6:01  Overlord x2  
  76  6:04  Zerg Missile Weapons Level 1  
  76  6:13  Ravager  
  77  6:36  Roach x5  
  77  6:39  Roach  
  91  6:40  Roach x2  
  93  6:52  Overlord  
  93  6:53  Overlord  
  93  7:01  Drone  
  94  7:05  Hatchery  
  93  7:17  Ravager x2  
  93  7:18  Ravager x2  
  97  7:25  Overlord x3  
  97  7:26  Overlord  
  97  7:34  Extractor  
  96  7:37  Zergling x6  
  96  7:38  Zergling x4  
  101  7:45  Drone x4  
  101  7:46  Drone x2  
  101  7:49  Overlord  
  107  7:56  Glial Reconstitution  
  107  8:00  Zerg Ground Armor Level 1  
  107  8:03  Zerg Melee Weapons Level 1  
  58  10:13  Overlord x2  
  48  10:18  Queen  
  48  10:20  Roach x3  
  48  10:21  Roach x3  
  62  10:24  Roach x3  
  62  10:25  Roach x6  
  62  10:26  Roach  
  62  10:28  Zerg Missile Weapons Level 2  
  82  10:29  Zerg Ground Armor Level 2  
  82  10:38  Infestation Pit  
  81  10:43  Hydralisk Den  
  81  10:44  Roach x3  
  81  10:45  Roach x2  
  81  10:46  Roach  
  81  10:47  Roach x3  
  98  11:07  Drone  
  98  11:08  Drone x2  
  101  11:13  Roach x2  
  101  11:14  Roach x3  
  111  11:20  Ravager  
  111  11:21  Ravager x3  
  111  11:22  Ravager  
  116  11:30  Overlord x2  
  116  11:34  Roach x2  
  116  11:35  Roach x3  
  116  11:36  Roach  
  128  11:43  Drone x3  
  50  13:29  Hydralisk x3  
  50  13:30  Hydralisk x6  
  50  13:31  Hydralisk x2  
  50  13:33  Hydralisk x2  
  50  13:34  Hydralisk x2  
  80  13:46  Drone x3  
  83  13:55  Drone x4  
  86  13:56  Drone  
  86  13:59  Extractor  
  86  14:02  Extractor  
  86  14:12  Grooved Spines  
  85  14:18  Queen  
  83  14:26  Hydralisk x4  
  56  15:06  Hydralisk x4  
  42  15:35  Zergling x4  
  43  15:36  Zergling x2  
  36  15:43  Zergling x4  
  36  15:44  Zergling x2  
  36  15:47  Zergling x4  
  36  15:48  Zergling x2  
  25  16:29  Zergling x4  
  25  16:30  Zergling x6  
  16  16:53  Drone x3  
  16  16:54  Drone x3  
  13  16:59  Hatchery  
  12  17:37  Hatchery  
  12  17:40  Overlord x3  
  11  18:18  Spawning Pool  
  10  18:21  Drone  
  10  18:22  Drone x2  
  10  18:25  Drone  
  10  18:26  Drone  
Show
View Real Time Build Order
Export as new Build Order

vampiro Terran 

Build Orders:  

Get SALT Encoding   

  12  0:03  SCV  
  13  0:15  SCV  
  14  0:27  SCV  
  15  0:46  Supply Depot  
  15  0:49  Refinery  
  15  1:13  Barracks  
  15  1:19  Barracks  
  15  1:20  Barracks  
  15  1:25  Refinery  
  15  1:32  Supply Depot  
  15  1:35  SCV  
  16  2:09  Reaper x2  
  16  2:10  Reaper  
  19  2:33  Supply Depot  
  19  2:34  SCV  
  20  2:41  Reaper x2  
  20  2:42  Reaper  
  23  3:13  Reaper x2  
  18  6:36  Marine x3  
  18  6:38  Orbital Command  
  20  6:44  Factory  
  20  6:54  Marine  
  21  7:02  Marine  
  21  7:04  SCV  
  24  7:09  Command Center  
  24  7:11  Barracks Tech Lab  
  24  7:12  Marine  
  24  7:16  SCV  
  24  7:19  Marine  
  26  7:28  SCV  
  26  7:29  Marine  
  27  7:31  Stimpack  
  27  7:33  Marauder  
  27  7:36  Factory Tech Lab  
  30  7:37  Marine  
  30  7:41  SCV  
  32  7:45  Starport  
  32  7:47  Marine  
  33  7:54  Marine  
  33  7:55  Siege Tank, Marine  
  33  7:57  Engineering Bay  
  38  8:05  Marine  
  38  8:07  Supply Depot  
  39  8:20  Marine x2  
  41  8:44  Missile Turret  
  41  8:47  Missile Turret  
  41  8:52  Planetary Fortress  
  41  8:58  Starport Reactor  
  41  9:08  Supply Depot  
  41  9:11  Missile Turret  
  41  9:15  Missile Turret  
  41  9:19  Marine x3  
  44  9:37  Medivac  
  44  9:38  Marauder, Medivac  
  50  9:45  SCV  
  51  9:50  Liberator  
  51  9:56  SCV  
  51  9:57  SCV  
  51  9:59  Refinery  
  53  10:06  Siege Tank, Refinery  
  56  10:07  Medivac  
  56  10:08  SCV  
  56  10:09  SCV  
  56  10:10  Terran Infantry Weapons Level 1  
  63  10:20  SCV, Engineering Bay  
  64  10:21  SCV  
  65  10:34  SCV  
  66  10:43  Marine x2  
  66  10:45  Supply Depot  
  66  10:46  Terran Infantry Armor Level 1  
  68  10:57  Liberator  
  68  11:15  Medivac  
  75  11:18  Marauder  
  75  11:19  Marine x2  
  59  12:09  Liberator x2  
  45  12:24  Siege Tank  
  45  12:29  SCV  
  55  12:41  Barracks Reactor  
  55  12:42  SCV  
  56  12:47  Armory, Factory  
  56  12:52  Armory  
  56  12:54  SCV  
  57  12:58  Factory  
  57  13:06  SCV  
  58  13:15  Barracks Reactor  
  58  13:29  Supply Depot  
  58  13:35  Factory Tech Lab  
  58  13:44  Terran Vehicle Weapons Level 1, Terran Vehicle And Ship Armor Level 1  
  58  13:45  Factory Tech Lab  
  58  14:05  Thor  
  58  14:06  Thor x2  
  75  15:12  Thor  
  81  15:18  Thor x2  
  93  15:24  Supply Depot  
  93  15:26  Supply Depot  
  93  15:31  Marine x5  
  98  15:49  Marine x3  
  94  15:50  Marauder  
  81  16:14  Liberator x2  
  84  16:38  Command Center  
  84  16:56  Liberator  
Tags
 
Add a new tag
Caveats
  • Supply blocks, unpowered buildings, or Contaminate may cause inaccurate times.
  • Supply counts are checked every 10 seconds.